AoeStats
← drloving3

Arena

510067518Analyzed
1v1 RM · 2d ago on Sep 29, 2026· 31m 43s· 2 players
Game mode
Random Map
Map size
Tiny (2 player)
Population
200
Speed
Normal
Resources
Standard
Victory
Conquest
Starting age
Dark Age
Ending age
Imperial Age
RankedLock teamsTeams togetherTeam positionsShared explorationLock speedFull tech treeHidden civsTurbo modeCheats
Victory
Defeat
🇷🇺 Ethiopians · Russia
1190
+14
🇺🇸 Huns · United States
1157
-14
drloving3
10:54 Feudal Age
10:22 Loom
15:32 Castle Age
19:35 Bloodlines
21:03 Scale Barding Armor
21:15 Horse Collar
28:02 Wheelbarrow
27:48 Double-Bit Axe
31:19 Imperial Age
30:16 Chain Barding Armor
toly
9:56 Feudal Age
10:25 Double-Bit Axe
12:11 Horse Collar
15:07 Castle Age
15:05 Fletching
15:19 Crossbowman
16:04 Bodkin Arrow
17:21 Padded Archer Armor
18:21 Stone Mining
18:49 Loom
23:51 Leather Archer Armor
29:58 Imperial Age
28:09 Bow Saw
30:10 Ballistics
30:38 Thumb Ring
30:03 Arbalester
30:44 Bracer
32:27 Chemistry
Connection lost

Rejoining the realm…

Still unreachable

The connection could not be restored.

Session expired

The server has moved on; the page needs a fresh start.